 Dungeon Crawl Stone Soup version 0.27-a0-1586-gd5c625afe7 (webtiles) character file.

Game seed: 6107038223312019047

2282 HAL9000 the Covert (level 9, -22/42 HPs)
             Began as a Vine Stalker Brigand on July 18, 2021.
             Annihilated by a two-headed ogre (27 damage)
             ... on level 7 of the Dungeon.
             The game lasted 00:14:38 (6874 turns).

HAL9000 the Covert (Vine Stalker Brigand)           Turns: 6874, Time: 00:14:39

Health: -22/42     AC:  6    Str: 20    XL:     9   Next: 39%
Magic:  0/13       EV: 11    Int: 18    God:
Gold:   92         SH:  5    Dex: 16    Spells: 6/12 levels left

rFire    . . .     SeeInvis .   a - +2 dagger
rCold    . . .     Faith    .   m - +0 buckler
rNeg     . . .     Spirit   +   G - +0 steam dragon scales
rPois    .         Reflect  .   (no helmet)
rElec    .         Harm     .   c - +0 cloak
rCorr    .         Rampage  .   A - -1 pair of gloves of Bad Feelings {Str+4 Stlth+}
Will     +....                  (no boots)
Stlth    +++++.....             (no amulet)
HPRegen  1.14/turn              v - +6 ring of intelligence
MPRegen  0.13/turn              (no ring)

@: no status effects
A: fangs 3, regeneration 1, magic shield, antimagic bite, no potion heal 2
a: no special abilities


You were on level 7 of the Dungeon.
You visited 2 branches of the dungeon, and saw 8 of its levels.

You collected 301 gold pieces.
You spent 209 gold pieces at shops.

Inventory:

Hand Weapons
 a - a +2 dagger (weapon)
 l - a +0 flail
Missiles
 d - 8 poisoned darts (quivered)
 e - 2 curare-tipped darts
 D - 6 atropa-tipped darts
Armour
 c - a +0 cloak (worn)
 m - a +0 buckler (worn)
 A - the -1 pair of gloves of Bad Feelings (worn) {Str+4 Stlth+}
   (You bought it in a shop on level 5 of the Dungeon)

   Str:       It affects your strength (+4).
   Stlth:     It makes you more stealthy.
 G - +0 steam dragon scales (worn)
Jewellery
 b - a ring of fire
 v - a +6 ring of intelligence (left hand)
Wands
 C - a wand of iceblast (12)
 H - a wand of paralysis (5)
Scrolls
 f - 2 scrolls of enchant weapon {unknown}
 h - a scroll of amnesia {unknown}
 j - 3 scrolls of teleportation {unknown}
 o - 3 scrolls of immolation {unknown}
 r - a scroll of brand weapon {unknown}
 t - a scroll of torment {unknown}
 w - 2 scrolls of fear {unknown}
 x - a scroll of magic mapping {unknown}
 y - a scroll of identify
 E - a scroll of vulnerability {unknown}
 F - a scroll of noise {unknown}
Potions
 g - a potion of brilliance {unknown}
 i - 2 potions of attraction {unknown}
 k - 3 potions of lignification
 n - a potion of berserk rage
 p - 3 potions of flight
 q - 5 potions of curing
 s - a potion of resistance
 u - a potion of haste {unknown}
 z - a potion of cancellation {unknown}
 B - 2 potions of mutation {unknown}


   Skills:
 - Level 1.7 Fighting
 - Level 6.8 Short Blades
 - Level 3.5 Throwing
 - Level 0.7 Dodging
 + Level 8.5 Stealth
 - Level 4.0 Shields
 - Level 2.1 Spellcasting
 - Level 5.2 Hexes


You had 6 spell levels left.
You knew the following spells:

 Your Spells              Type           Power      Damage    Failure   Level
a - Confusing Touch       Hex            20%        N/A       6%          3
b - Swiftness             Air            1%         N/A       47%         3

Your spell library contained the following spells:

 Spells                   Type           Power      Damage    Failure   Level
 Slow                     Hex            20%        N/A       3%          2
 Passwall                 Tmut/Erth      0%         N/A       26%         2
 Vampiric Draining        Necr           0%         2d6       47%         3
 Invisibility             Hex            10%        N/A       97%         6
 Chain Lightning          Conj/Air       0%         2d1       100%        9
 Fire Storm               Conj/Fire      0%         6d1       100%        9


Dungeon Overview and Level Annotations

Branches:
Dungeon (7/15)             Temple (1/1) D:6

Altars:
Ashenzari
Elyvilon
Fedhas
Gozag
Hepliaklqana
Kikubaaqudgha
Makhleb
Nemelex Xobeh
Okawaru
Qazlal
Ru
Sif Muna
Uskayaw
Vehumet
Wu Jian
Xom
Yredelemnul
Zin
The Shining One

Shops:
D:5 [


Innate Abilities, Weirdness & Mutations

You have razor-sharp teeth.
Your natural rate of healing is unusually fast.
When hurt, damage is shared between your health and your magic reserves.
Your bite disrupts and absorbs the magic of your enemies.
Potions cannot restore your health.


Message History

There is an open door here.
Found 9 gold pieces.
Found 21 stones.
H - a wand of paralysis (5)
You now have 92 gold pieces (gained 9).
A two-headed ogre comes into view.
It is wielding two +0 giant spiked clubs.
The two-headed ogre shouts in stereo!
Casting: Confusing Touch (dangerous; 6% risk of failure)
Confirm with . or Enter, or press ? or * to list all spells.
Your hands begin to glow red.
You hit the two-headed ogre but do no damage.
The two-headed ogre barely misses you. x2
You hit the two-headed ogre but do no damage.
You hit the two-headed ogre but do no damage.
You bite the two-headed ogre, but do no damage.
You block the two-headed ogre's attack.
The two-headed ogre hits you with a +0 giant spiked club!
You hit the two-headed ogre but do no damage.
The two-headed ogre appears confused.
You hit the two-headed ogre.
The two-headed ogre is lightly wounded.
The two-headed ogre gestures wildly.
You hit the two-headed ogre.
The two-headed ogre is lightly wounded.
You catch the helpless two-headed ogre completely off-guard!
You impale the two-headed ogre!! You bite the two-headed ogre.
You drain its power.
You feel invigorated.
The two-headed ogre is heavily wounded.
The two-headed ogre hits you with a +0 giant spiked club!!
The two-headed ogre hits you with a +0 giant spiked club!
* * * LOW HITPOINT WARNING * * *
You hit the two-headed ogre.
You bite the two-headed ogre, but do no damage.
The two-headed ogre is heavily wounded.
You hit the two-headed ogre.
The two-headed ogre is heavily wounded.
The two-headed ogre barely misses you.
The two-headed ogre hits you with a +0 giant spiked club!!
Ouch! That really hurt!
You die...

#...[.......# #.......#.##.#
#..#.###....###.......#.##.#
..............#### #.##.#
#.)#.###.........# ...#.#
#.........# #..#.#
#.........#
.....###.........#
#......'.........####
#....###........@O..# #<...#
#####....(##+### .....#
#####......# #........
#......# #......## .........
......... #####.####
#.#.#.... .# #........ .
.......#. .


You could see a two-headed ogre (confused).

Vanquished Creatures
  Pikel (D:6)
  Grinder (D:5)
  A steam dragon (D:7)
  An ice beast (D:5)
  3 ogres
  A centaur (D:5)
  3 lemures
  A bullfrog (D:6)
  A water moccasin zombie (D:5)
  A scorpion (D:4)
  2 water moccasin skeletons (D:5)
  2 wights (D:7)
  A howler monkey (D:4)
  2 bullfrog zombies
  A centaur zombie (D:6)
  2 hounds
  2 orc priests
  A jelly (D:6)
  A bullfrog skeleton (D:6)
  A centaur skeleton (D:7)
  2 iguanas
  Natasha (twice) (D:2)
  Terence (D:2)
  3 orc wizards (D:6)
  6 gnolls
  4 adders
  A white imp (D:7)
  2 ufetubi
  2 worms
  3 dart slugs
  9 orcs
  6 endoplasms
  2 giant cockroaches
  11 goblins
  9 hobgoblins
  22 jackals
  5 quokkas
  3 ball pythons
  3 bats (D:2)
  A frilled lizard (D:3)
  3 kobolds
  3 rats
132 creatures vanquished.

Notes
Turn   | Place    | Note
-------+----------+-------------------------------------------
     0 | D:1      | HAL9000 the Vine Stalker Brigand began the quest for the
                  | Orb.
     0 | D:1      | Reached XP level 1. HP: 11/11 MP: 2/2
   127 | D:1      | Reached XP level 2. HP: 12/15 MP: 3/3
   581 | D:1      | Reached XP level 3. HP: 13/18 MP: 2/4
   847 | D:1      | Found a faded altar of an unknown god.
  1314 | D:2      | Noticed Terence
  1321 | D:2      | Killed Terence
  1322 | D:2      | Reached skill level 1 in Spellcasting
  1322 | D:2      | Gained mutation: Your natural rate of healing is unusually
                  | fast. [Vine Stalker growth]
  1322 | D:2      | Reached XP level 4. HP: 23/23 MP: 4/7
  1331 | D:2      | Learned a level 3 spell: Confusing Touch
  1436 | D:2      | Noticed Natasha
  1447 | D:2      | Killed Natasha
  1448 | D:2      | Reached skill level 1 in Hexes
  1460 | D:2      | Noticed Natasha
  1472 | D:2      | Killed Natasha
  1473 | D:2      | Reached XP level 5. HP: 24/26 MP: 7/9
  2147 | D:3      | Found an iron altar of Okawaru.
  2329 | D:3      | Reached XP level 6. HP: 30/30 MP: 10/10
  2477 | D:3      | Reached skill level 1 in Shields
  3242 | D:4      | Found an ornate altar of the Wu Jian Council.
  3922 | D:5      | Entered Level 5 of the Dungeon
  3947 | D:5      | Learned a level 3 spell: Swiftness
  3970 | D:5      | Reached XP level 7. HP: 34/34 MP: 11/11
  4028 | D:5      | Found an opulent altar of Gozag.
  4081 | D:5      | Noticed Grinder
  4262 | D:5      | Found Waskynio's Antique Armour Shoppe.
  4402 | D:5      | Reached skill level 5 in Hexes
  4500 | D:5      | Reached skill level 5 in Stealth
  4579 | D:5      | Reached skill level 6 in Stealth
  4579 | D:5      | Gained mutation: You have razor-sharp teeth. [Vine Stalker
                  | growth]
  4579 | D:5      | Reached XP level 8. HP: 38/38 MP: 12/12
  4655 | D:5      | Killed Grinder
  4656 | D:5      | Reached skill level 8 in Stealth
  4974 | D:5      | Bought a pair of pitted gloves for 209 gold pieces
  4974 | D:5      | Identified the -1 pair of gloves of Bad Feelings {Str+4
                  | Stlth+} (You bought it in a shop on level 5 of the Dungeon)
  5142 | D:6      | Found a staircase to the Ecumenical Temple.
  5167 | Temple   | Entered the Ecumenical Temple
  5899 | D:7      | Noticed Pikel
  6273 | D:6      | Killed Pikel
  6274 | D:6      | Reached XP level 9. HP: 39/42 MP: 10/13
  6857 | D:7      | Noticed a two-headed ogre
  6874 | D:7      | Annihilated by a two-headed ogre

Illustrated notes

Levels and vault maps discovered:
D:1:      nagdon_arrival_double_spiral, layout_rooms,
          ebering_ecumenical_altar_hall, hex_tiny
D:2:      layout_rooms, uniq_natasha, uniq_terence
D:3:      layout_basic, mainiacjoe_overflow_six_doors_small,
          minmay_misc_feat_rows, minmay_misc_feat_doors
D:4:      layout_layer_cave, nzn_wu_jian_council_hall, kennysheep_small_spiral,
          minmay_quantized
D:5:      layout_loops_ring, lemuel_tele_altar, serial_shops, kennysheep_mini,
          uniq_grinder
D:6:      layout_basic, minmay_temple_entry_arrows
D:7:      layout_basic, chequers_serial_rivers_micro_d, uniq_pikel
Temple:   eino_temple_scatter_basement

Skill      XL: |  1  2  3  4  5  6  7  8 |
---------------+-------------------------+-----
Throwing       | 2 3 |  3.5
Spellcasting   | 1 2 |  2.1
Hexes          | 1 3 5 |  5.2
Shields        | 3 4 |  4.0
Stealth        | 6 8 |  8.5
Short Blades   | 6 |  6.8
Fighting       | |  1.7
Dodging        | |  0.7

Action                   |  1- 3 |  4- 6 |  7- 9 || total
-------------------------+-------+-------+-------++-------
Melee: Dagger            |    88 |   269 |   280 ||   637
       Bite              |    16 |    70 |    99 ||   185
Throw: Dart              |     2 |     3 |    10 ||    15
 Cast: Confusing Touch   |       |       |    10 ||    10
  Use: Scroll            |       |       |     5 ||     5
 Stab: Sleeping          |     8 |     6 |     5 ||    19
       Distracted        |     1 |     1 |       ||     2
       Confused          |       |       |     8 ||     8
Armor: Robe              |    11 |    56 |    38 ||   105
Dodge: Dodged            |    40 |   128 |   141 ||   309
Block: Buckler           |       |    22 |    56 ||    78

Table legend: (Time is in decaauts)
 A = Elapsed time spent in this place.
 B = Non-inter-level travel time spent in this place.
 C = Inter-level travel time spent in this place.
 D = Time resting spent in this place.
 E = Time spent auto-exploring this place.
 F = Levels seen in this place.
 G = Mean time per level.
                   A        B        C        D        E       F      G
               +--------+--------+--------+--------+--------+-----+--------+
         Total |   6850 |   6557 |    293 |    528 |   4608 |   8 |  856.2 |
       Dungeon |   6685 |   6405 |    280 |    528 |   4466 |   7 |  955.0 |
        Temple |    164 |    151 |     13 |      0 |    142 |   1 |  164.0 |
               +--------+--------+--------+--------+--------+-----+--------+

Top non-repeatable levels by time:
     D:4: 1282 daAuts
     D:1: 1107 daAuts
     D:6: 1072 daAuts
     D:5: 1038 daAuts
     D:3: 953 daAuts
     D:7: 637 daAuts
     D:2: 593 daAuts
  Temple: 164 daAuts
